 Dungeon Crawl Stone Soup version 0.29-a0-187-ga23d9638d5 (webtiles) character file.

Game seed: 2631901946146687490

3003 drugrobin the Spear-Bearer (level 9, -1/71 HPs)
             Began as a Demigod Warper on Feb 21, 2022.
             Slain by a gnoll sergeant (8 damage)
             ... in a bailey.
             The game lasted 00:27:46 (9003 turns).

drugrobin the Spear-Bearer (Demigod Warper)         Turns: 9003, Time: 00:27:47

Health: -1/71      AC:  8    Str: 30    XL:     9   Next: 29%
Magic:  9/14       EV: 12    Int: 15    God:
Gold:   361        SH:  0    Dex: 13    Spells: 4/11 levels left

rFire   . . .      SeeInvis .   a - +2 spear (vorpal)
rCold   . . .      Faith    .   (no shield)
rNeg    . . .      Spirit   .   K - +1 leather armour {rPois}
rPois   +          Reflect  .   (no helmet)
rElec   .          Harm     .   l - +0 cloak
rCorr   .          Rampage  .   v - +2 pair of gloves
Will    .....                   (no boots)
Stlth   ++........              (no amulet)
HPRegen 0.21/turn               x - +6 ring of strength
MPRegen 0.14/turn               B - +4 ring of slaying

@: mighty, hasted, very quick
A: high MP 1, forlorn, divine attributes
a: no special abilities


You were in a bailey.
You visited 1 branch of the dungeon, and saw 8 of its levels.
You also visited: Ossuary and Bailey.

You collected 457 gold pieces.
You spent 96 gold pieces at shops.

Inventory:

Hand Weapons
 a - a +2 vorpal spear (weapon)
 b - a +4 hunting sling
 s - a +2 vorpal hand axe
 M - a +1 hunting sling of flaming
Missiles
 d - 8 boomerangs of dispersal
 g - 111 stones
 m - 3 throwing nets
 q - 6 boomerangs (quivered)
 y - 12 poisoned darts
 J - 4 javelins
Armour
 l - a +0 cloak (worn)
 u - a +2 robe of willpower
 v - a +2 pair of gloves (worn)
 K - a +1 leather armour of poison resistance (worn)
Jewellery
 x - a +6 ring of strength (left hand)
 B - a +4 ring of slaying (right hand)
Wands
 r - a wand of iceblast (18)
 z - a wand of flame (10)
 A - a wand of charming (5)
Scrolls
 c - 3 scrolls of blinking
 f - a scroll of brand weapon
 h - 5 scrolls of teleportation
 i - 2 scrolls of identify
 w - a scroll of enchant weapon {unknown}
 C - 2 scrolls of fear
 F - 2 scrolls of summoning
 L - a scroll of amnesia {unknown}
 N - a scroll of fog {unknown}
Potions
 j - a potion of mutation
 k - a potion of haste
 n - a potion of resistance {unknown}
 o - 3 potions of cancellation {unknown}
 D - a potion of lignification {unknown}
 E - a potion of magic {unknown}
 H - 2 potions of flight {unknown}
 O - a potion of brilliance {unknown}


   Skills:
 + Level 4.1 Fighting
 + Level 9.8 Polearms
 - Level 0.8 Throwing
 - Level 0.8 Armour
 - Level 1.7 Dodging
 + Level 3.9 Stealth
 - Level 1.7 Spellcasting
 - Level 6.0 Translocations


You had 4 spell levels left.
You knew the following spells:

 Your Spells              Type           Power      Damage    Failure   Level
a - Blink                 Tloc           38%        N/A       3%          2
b - Teleport Other        Tloc           19%        N/A       6%          3
c - Call Imp              Summ           1%         N/A       36%         2

Your spell library contained the following spells:

 Spells                   Type           Power      Damage    Failure   Level
 Gell's Gravitas          Tloc           19%        N/A       6%          3
 Lesser Beckoning         Tloc           19%        N/A       6%          3
 Passage of Golubria      Tloc           19%        N/A       21%         4
 Stone Arrow              Conj/Erth      2%         3d7       58%         3
 Tukima's Dance           Hex            1%         N/A       58%         3
 Manifold Assault         Tloc           19%        N/A       50%         5
 Summon Mana Viper        Hex/Summ       1%         N/A       100%        5
 Yara's Violent Unravell  Hex/Tmut       0%         3d3       100%        5


Dungeon Overview and Level Annotations

Branches:
Dungeon (8/15)            Ossuary (visited)          Bailey (1/1)
 Temple: D:4-7         Lair: D:8-11

Shops:
D:2 !

Annotations:
D:5 Dowan, Sigmund
D:6 Prince Ribbit Bailey Grum


Innate Abilities, Weirdness & Mutations

You have an increased reservoir of magic. (+10% MP)
You shall have no god before yourself.
Your divine heritage dramatically boosts your attributes as you level up.


Message History

* * * LOW HITPOINT WARNING * * *
The wolf moves out of view.
Unknown command.
A gnoll sergeant and a gnoll shaman come into view.
Grum struggles against the net.
The gnoll hits you from afar with a +0 trident.
* * * LOW HITPOINT WARNING * * *
Grum struggles against the net.
The wolf bites you.
* * * LOW HITPOINT WARNING * * *
Unknown command.
Grum struggles against the net.
The wolf barely misses you.
You feel stable enough to blink again. The wolf bites you.
* * * LOW HITPOINT WARNING * * *
Unknown command.
The wolf barely misses you.
Unknown command.
The wolf barely misses you. The wolf bites you but does no damage.
Unknown command.
Unknown command.
You feel a bit more experienced.
Unknown command.
You feel better. The wolf barely misses you. The wolf bites you.
* * * LOW HITPOINT WARNING * * *
The wolf bites you but does no damage. The wolf bites you.
* * * LOW HITPOINT WARNING * * *
You feel very mighty all of a sudden. The wolf barely misses you.
The wolf closely misses you.
You feel a bit more experienced. The wolf bites you.
* * * LOW HITPOINT WARNING * * *
Unknown command.
You feel better. The wolf barely misses you. x2
The wolf bites you but does no damage. The wolf barely misses you.
Unknown command.
You feel yourself speed up. The wolf barely misses you.
The wolf completely misses you. The wolf barely misses you.
The gnoll sergeant hits you from afar with a +0 glaive!
You die...

♣♣♣♣♣♣♣♣♣♣♣♣♣♣♣♣♣♣♣♣♣
≈≈≈≈≈≈≈≈≈≈≈≈≈≈≈≈≈≈≈≈♣♣
...# #@h.≈≈♣ .###
...8.##h..≈♣ .#
......##g.≈♣ g#
.gg....#..≈♣ .#
#####.....#..≈♣ .#
##...##....#g.≈♣
.######.....###g##g.≈♣
.'(..#.......#)gg...≈♣
.'...)...8..)g......≈♣


You could see a gnoll sergeant and 2 wolves.

Vanquished Creatures
  Menkaure (D:4)
  Duvessa (D:5)
  2 water moccasins
  An ice beast (D:6)
  2 ogres
  A necrophage (D:4)
  2 kobold brigands (D:8)
  5 elf zombies (Ossuary)
  A bullfrog (D:6)
  4 scorpions
  2 gnoll sergeants (Bailey)
  A water moccasin skeleton (D:5)
  A wight (D:6)
  3 howler monkeys
  A bullfrog zombie (D:3)
  5 centaur zombies (Ossuary)
  3 hounds
  2 human zombies (Ossuary)
  A jelly (D:4)
  A gnoll shaman (Bailey)
  A bullfrog skeleton (D:6)
  An orc priest (D:4)
  2 iguanas
  Ijyb (D:4)
  Natasha (thrice) (D:3)
  3 mummies (Ossuary)
  Robin (D:3)
  8 gnolls
  5 adders
  A shadow imp (D:6)
  A white imp (D:5)
  3 worms
  2 dart slugs
  20 orcs
  3 bats
  5 endoplasms
  18 goblins
  6 hobgoblins
  2 jackals (D:2)
  3 quokkas
  6 ball pythons
  4 frilled lizards
  12 kobolds
  10 rats
161 creatures vanquished.

Vanquished Creatures (collateral kills)
  2 wolves (Bailey)
  A gnoll shaman (Bailey)
  An iguana (D:6)
  A gnoll (Bailey)
5 creatures vanquished.

Vanquished Creatures (others)
  A wolf (Bailey)
1 creature vanquished.

Grand Total: 167 creatures vanquished

Notes
Turn   | Place    | Note
-------+----------+-------------------------------------------
     0 | D:1      | drugrobin the Demigod Warper began the quest for the Orb.
     0 | D:1      | Reached XP level 1. HP: 17/17 MP: 5/5
    64 | D:1      | Reached skill level 2 in Polearms
   285 | D:1      | Reached XP level 2. HP: 24/24 MP: 7/7
   569 | D:1      | Reached skill level 3 in Polearms
  1244 | D:2      | Reached XP level 3. HP: 29/29 MP: 8/8
  1625 | D:2      | Found Agruec's Distillery.
  1643 | D:2      | Bought a potion of curing for 36 gold pieces
  1643 | D:2      | Bought a potion of heal wounds for 60 gold pieces
  2630 | D:3      | Got the Volume of Earthen Summoning
  2651 | D:3      | Noticed Natasha
  2663 | D:3      | Killed Natasha
  2664 | D:3      | Reached skill level 4 in Polearms
  2664 | D:3      | Reached XP level 4. HP: 32/36 MP: 9/9
  2903 | D:3      | Noticed Natasha
  2923 | D:3      | Killed Natasha
  2972 | D:3      | Noticed Natasha
  3058 | D:3      | Killed Natasha
  3059 | D:3      | Reached skill level 5 in Polearms
  3059 | D:3      | Reached XP level 5. HP: 27/41 MP: 10/10
  3181 | D:3      | Noticed Robin
  3455 | D:3      | Killed Robin
  3773 | D:4      | Noticed Ijyb
  4400 | D:4      | Reached skill level 6 in Polearms
  4427 | D:4      | Reached XP level 6. HP: 48/48 MP: 11/11
  4489 | D:4      | Learned a level 2 spell: Blink
  4493 | D:4      | Learned a level 3 spell: Teleport Other
  4496 | D:4      | Learned a level 2 spell: Call Imp
  4523 | D:4      | Killed Ijyb
  5320 | D:5      | Entered Level 5 of the Dungeon
  5348 | D:5      | Reached skill level 7 in Polearms
  5455 | D:5      | Noticed Duvessa
  5455 | D:5      | Noticed Dowan
  5576 | D:5      | Noticed Sigmund
  5721 | D:5      | Reached XP level 7. HP: 46/53 MP: 12/12
  5820 | D:5      | Noticed Menkaure
  5988 | D:5      | Killed Duvessa
  6231 | D:4      | Killed Menkaure
  6232 | D:4      | Reached skill level 8 in Polearms
  6395 | D:6      | Found a sand-covered staircase.
  6401 | Ossuary  | Entered an ossuary
  6461 | Ossuary  | Reached XP level 8. HP: 56/60 MP: 13/13
  6476 | Ossuary  | Reached skill level 5 in Translocations
  6906 | Ossuary  | Reached skill level 9 in Polearms
  7061 | D:6      | Reached skill level 1 in Stealth
  7065 | D:6      | Noticed Prince Ribbit
  8215 | D:7      | Reached XP level 9. HP: 61/69 MP: 14/14
  8232 | D:7      | You fall into a shaft and drop 1 floor!
  8277 | D:8      | Found a flagged portal.
  8332 | Bailey   | Entered a bailey
  8959 | Bailey   | Noticed Grum
  8995 | Bailey   | HP: 3/71 [wolf (4)]
  9001 | Bailey   | HP: 2/71 [wolf (6)]
  9003 | Bailey   | Slain by a gnoll sergeant

Illustrated notes

Levels and vault maps discovered:
D:1:      matt_arrival_refuge, layout_loops_ring,
          dreamdust_ecumenical_altar_statues
D:2:      minmay_door_path, layout_basic, serial_shops,
          nicolae_shop_hallway_stairs
D:3:      layout_basic, mainiacjoe_overflow_alcove_1, serial_park_tiny_2,
          uniq_natasha, uniq_robin
D:4:      layout_basic, mainiacjoe_overflow_paths, nemelex_spade_bored_becter,
          st_stairs_5, uniq_ijyb
D:5:      layout_loops_ring, tso_metal_star, gammafunk_ghost_nasty_kobolds,
          uniq_duvessa, uniq_menkaure, uniq_sigmund
D:6:      layout_basic, evilmike_ruin_ashenzari, minmay_temple_entry_nine_rooms,
          nicolae_ossuary_entry_plus, minmay_joined_circles, uniq_prince_ribbit1
D:7:      layout_loops_ring, overflow_temple_1_default, kennysheep_mini,
          nicolae_dithmenos_through_a_glass_darkly, lemuel_tele_altar,
          corexii_checkpoint_a
D:8:      layout_basic, kennysheep_little_box, enter_bailey_5
Bailey:   bailey_polearm_gnolls_kennysheep, bailey

Skill      XL: |  1  2  3  4  5  6  7  8  9 |
---------------+----------------------------+-----
Polearms       | 2 3 4 5 6 7 8 9 |  9.8
Translocations | 3 4 6 |  6.0
Fighting       | 3 4 |  4.1
Stealth        | 2 3 |  3.9
Throwing       | |  0.8
Armour         | |  0.8
Dodging        | |  1.7
Spellcasting   | |  1.7

Action                   |  1- 3 |  4- 6 |  7- 9 || total
-------------------------+-------+-------+-------++-------
Melee: Spear             |   126 |   173 |   375 ||   674
       Hand axe          |     6 |    10 |       ||    16
       Punch             |     1 |     2 |     5 ||     8
 Fire: Hunting sling     |    35 |    50 |    19 ||   104
Throw: Stone             |    10 |       |       ||    10
       Boomerang         |     1 |     1 |     2 ||     4
       Dart              |       |     6 |    37 ||    43
 Cast: Teleport Other    |       |     2 |     6 ||     8
       Blink             |       |       |    16 ||    16
       Call Imp          |       |       |     1 ||     1
Evoke: Wand              |       |       |     7 ||     7
  Use: Potion            |     1 |       |     6 ||     7
       Scroll            |       |       |    11 ||    11
 Stab: Sleeping          |       |       |     1 ||     1
Armor: Leather armour    |    25 |       |    33 ||    58
       Robe              |     6 |    47 |    61 ||   114
Dodge: Dodged            |    67 |    61 |   129 ||   257

Table legend: (Time is in decaauts)
 A = Elapsed time spent in this place.
 B = Non-inter-level travel time spent in this place.
 C = Inter-level travel time spent in this place.
 D = Time resting spent in this place.
 E = Time spent auto-exploring this place.
 F = Levels seen in this place.
 G = Mean time per level.
                   A        B        C        D        E       F      G
               +--------+--------+--------+--------+--------+-----+--------+
         Total |   8860 |   8557 |    303 |   2804 |   3401 |  10 |  886.0 |
       Dungeon |   7691 |   7388 |    303 |   2271 |   3345 |   8 |  961.4 |
       Ossuary |    525 |    525 |      0 |    268 |     56 |   1 |  525.0 |
        Bailey |    643 |    643 |      0 |    265 |      0 |   1 |  643.0 |
               +--------+--------+--------+--------+--------+-----+--------+

Top non-repeatable levels by time:
     D:4: 2056 daAuts
     D:3: 1515 daAuts
     D:2: 1350 daAuts
     D:1: 982 daAuts
     D:6: 824 daAuts
     D:5: 675 daAuts
  Bailey: 643 daAuts
 Ossuary: 525 daAuts
     D:7: 197 daAuts
     D:8: 90 daAuts
